 Dungeon Crawl Stone Soup version 0.30-a0-210-g01b79a254e (webtiles) character file.

Game seed: 4151414140878027779

375 zishaf the Gusty (level 6, -9/36 HPs)
             Began as a Tengu Air Elementalist on Oct 4, 2022.
             Was an Initiate of Dithmenos.
             Mangled by a wyvern (13 damage)
             ... on level 5 of the Dungeon.
             The game lasted 00:05:20 (4110 turns).

zishaf the Gusty (Tengu Air Elementalist)           Turns: 4110, Time: 00:05:21

Health: -9/36      AC:  2    Str:  8    XL:     6   Next: 73%
Magic:  11/11      EV: 14    Int: 19    God:    Dithmenos [......]
Gold:   267        SH:  0    Dex: 15    Spells: 1/11 levels left

rFire   . . .      SeeInvis .    q - +10 spear of Taramm {vorpal, Drain rN++ Int+2}
rCold   . . .      Faith    .    (no shield)
rNeg    + + .      Spirit   .    a - +0 robe
rPois   .          Reflect  .    (helmet restricted)
rElec   .          Harm     .    (no cloak)
rCorr   .          Rampage  .    (no gloves)
Will    .....                    (boots unavailable)
Stlth   ++........               j - amulet of magic regeneration
HPRegen 0.26/turn                (no ring)
MPRegen 0.52/turn                (no ring)

@: swift, flying quickly and evasively, very quick
A: beak, talons 3, nimble flight
a: Renounce Religion


You were on level 5 of the Dungeon.
You worshipped Dithmenos.
Dithmenos was noncommittal.
You visited 2 branches of the dungeon, and saw 6 of its levels.

You collected 267 gold pieces.

Inventory:

Hand Weapons
 i - a +0 dagger of venom
 q - the +10 spear of Taramm (weapon) {vorpal, Drain rN++ Int+2}
   (You found it on level 3 of the Dungeon)

   It inflicts extra damage upon your enemies.
   Int:       It affects your intelligence (+2).
   rN:        It greatly protects you from negative energy.
   Drain:     It drains your maximum health when unequipped.
Missiles
 g - a throwing net
Armour
 a - a +0 robe (worn)
Jewellery
 c - a ring of protection from cold
 j - an amulet of magic regeneration (around neck)
Wands
 t - a wand of mindburst (14)
Scrolls
 h - 7 scrolls of teleportation
 k - a scroll of torment
 l - 2 scrolls of poison
Potions
 b - a potion of magic
 d - a potion of heal wounds {unknown}
 e - 3 potions of curing
 f - 2 potions of attraction
 m - a potion of cancellation {unknown}
 p - a potion of experience {unknown}
 r - 2 potions of haste
 s - a potion of brilliance {unknown}


   Skills:
 + Level 2.8 Fighting
 + Level 2.5 Polearms
 - Level 2.1 Dodging
 - Level 2.0 Stealth
 - Level 3.0 Spellcasting
 + Level 4.2 Conjurations
 * Level 5.9 Air Magic


You had one spell level left.
You knew the following spells:

 Your Spells              Type           Power      Damage    Failure   Level
a - Shock                 Conj/Air       88%        1d8       1%          1
b - Airstrike             Air            12%        2d(2-18)  13%         4
A - Static Discharge      Conj/Air       44%        2-4/arc   2%          2
B - Swiftness             Air            25%        N/A       4%          3

Your spell library contained the following spells:

 Spells                   Type           Power      Damage    Failure   Level


Dungeon Overview and Level Annotations

Branches:
Dungeon (5/15)             Temple (1/1) D:4

Altars:
Dithmenos
Elyvilon
Makhleb
Okawaru
Qazlal
Ru
Trog
Uskayaw
Xom
The Shining One

Shops:
D:4 *


Innate Abilities, Weirdness & Mutations

You have a beak for a mouth.
You have claws for feet.
Your magical nature lets you fly swiftly and evasively.


Message History

You puncture the iguana!
The iguana is severely wounded.
You puncture the iguana!
You kill the iguana!
Dithmenos accepts your kill.
No target in view!
You see here an adder corpse.
A wyvern comes into view.
Found an escape hatch in the ceiling.
A wyvern is nearby!
You reach to attack!
The helpless wyvern fails to defend itself.
You hit the wyvern.
The wyvern is lightly wounded.
You closely miss the wyvern. You claw the wyvern, but do no damage.
The wyvern is lightly wounded.
The wyvern completely misses you. The wyvern misses you.
You hit the wyvern. Your peck misses the wyvern.
The wyvern is moderately wounded.
The wyvern bites you!
You hit the wyvern. You peck the wyvern.
The wyvern is moderately wounded.
The wyvern bites you! The wyvern bites you.
You are too injured to fight recklessly!
You are too injured to fight recklessly!
Casting: Shock (safe; 1% risk of failure)
Confirm with . or Enter, or press ? or * to list all spells.
Okay, then.
Casting: Shock (safe; 1% risk of failure)
Confirm with . or Enter, or press ? or * to list all spells.
You feel quick.
The wyvern bites you but does no damage.
The wyvern attacks as you move away! The wyvern closely misses you.
The wyvern attacks as you move away! The wyvern bites you!
* * * LOW HITPOINT WARNING * * *
You hit the wyvern but do no damage. Your kick misses the wyvern.
You peck the wyvern, but do no damage.
The wyvern is moderately wounded.
The wyvern bites you!
You die...

.........## #.#..
..# ...##.....#
#.#.# ...
....#.....####.###
#..
........#...##..
.. ........###.#
............#
#........#####
^.###....# #..
##.#@#
.....#l###.#
#.###.....#
#....######
#.#####...#
.........<#
....####..# .#
....# ..#.#


You could see a wyvern.

Vanquished Creatures
  2 phantoms
  3 iguanas
  5 adders
  4 gnolls (D:4)
  2 worms (D:4)
  A dart slug (D:4)
  9 orcs
  3 bats
  5 endoplasms
  A giant cockroach (D:4)
  5 goblins
  5 hobgoblins
  2 jackals (D:2)
  2 kobolds (D:1)
  A quokka (D:3)
  6 ball pythons
  2 frilled lizards (D:2)
  5 rats
63 creatures vanquished.

Notes
Turn   | Place    | Note
-------+----------+-------------------------------------------
     0 | D:1      | zishaf the Tengu Air Elementalist began the quest for the
                  | Orb.
     0 | D:1      | Reached XP level 1. HP: 10/10 MP: 4/4
   276 | D:1      | Reached XP level 2. HP: 16/16 MP: 1/6
  1208 | D:2      | Reached skill level 1 in Fighting
  1208 | D:2      | Reached XP level 3. HP: 18/20 MP: 0/7
  1211 | D:2      | Learned a level 2 spell: Static Discharge
  1215 | D:2      | Learned a level 3 spell: Swiftness
  1588 | D:2      | Found a faded altar of an unknown god.
  2494 | D:3      | Identified the +10 spear of Taramm {vorpal, Drain rN++
                  | Int+2}
  2588 | D:3      | Found a glowing golden altar of the Shining One.
  2624 | D:3      | Reached XP level 4. HP: 25/25 MP: 6/8
  2814 | D:3      | Noticed a phantom
  2822 | D:3      | Killed a phantom
  2823 | D:3      | Reached skill level 1 in Polearms
  2823 | D:3      | Reached skill level 5 in Air Magic
  2823 | D:3      | Gained mutation: Your magical nature lets you fly swiftly
                  | and evasively. [Tengu growth]
  2823 | D:3      | Reached XP level 5. HP: 9/30 MP: 8/10
  2912 | D:3      | Found a sacrificial altar of Ru.
  3356 | D:4      | Noticed a phantom
  3360 | D:4      | Killed a phantom
  3361 | D:4      | Reached XP level 6. HP: 28/36 MP: 11/11
  3366 | D:4      | Learned a level 4 spell: Airstrike
  3674 | D:4      | Found a staircase to the Ecumenical Temple.
  3679 | Temple   | Entered the Ecumenical Temple
  3686 | Temple   | Became a worshipper of Dithmenos the Shadowed
  3719 | D:4      | Found a burning altar of Makhleb.
  3759 | D:4      | Noticed a +0 falchion
  3760 | D:4      | Found Ukic's Overcharged Wands.
  3760 | D:4      | Noticed a +0 short sword
  3760 | D:4      | Noticed a +0 short sword
  3760 | D:4      | Noticed a +0 spear
  3763 | D:4      | Noticed a +0 dagger
  3875 | D:4      | Noticed a +0 spear
  3877 | D:4      | Noticed a +0 falchion
  3877 | D:4      | Noticed a +0 dagger
  3892 | D:4      | Found a hide-covered altar of Uskayaw.
  4061 | D:5      | Entered Level 5 of the Dungeon
  4097 | D:5      | Noticed a wyvern
  4110 | D:5      | Mangled by a wyvern

Illustrated notes

Levels and vault maps discovered:
D:1:      dpeg_chamrin_arrival_tetris, layout_loops_corners, moated_statue
D:2:      minmay_wonky_spiral, layout_basic,
          shapermc_ecumenical_altar_hornbeckon, serial_curves, eino_curves_03,
          eino_curves_01
D:3:      layout_loops_ring, nicolae_ru_path_of_blood, lemuel_crystal_altar,
          serial_co_window_serial, co_window_of_opportunity_a,
          co_window_paths_a, co_window_paths_a, co_window_paths_b,
          co_window_corner_a, co_window_of_opportunity_a, co_window_broadway_c,
          co_window_corner_b, co_window_of_opportunity_c, co_window_paths_c,
          co_window_paths_c, co_window_4corner_a
D:4:      layout_rooms, nicolae_uskayaw_en_pointe, mainiacjoe_overflow_paths,
          minmay_temple_entry_glassed_door, corexii_leaking_fountain,
          nicolae_shop_overcharged_wands
D:5:      layout_basic, mainiacjoe_overflow_six_doors_small,
          nzn_hepliaklqana_mist_gate
Temple:   hellmonk_temple_micro_hex

Skill      XL: |  1  2  3  4  5  6 |
---------------+-------------------+-----
Conjurations   | 2 3 4 |  4.2
Fighting       | 1 2 |  2.8
Polearms       | 1 2 |  2.5
Air Magic      | 5 |  5.9
Spellcasting   | 3 |  3.0
Dodging        | |  2.1
Stealth        | |  2.0

Action                   |  1- 3 |  4- 6 || total
-------------------------+-------+-------++-------
Melee: Short sword       |    15 |       ||    15
       Kick              |     6 |    12 ||    18
       Unarmed           |     3 |       ||     3
       Peck              |     2 |     7 ||     9
       Spear             |     5 |    66 ||    71
       Punch             |     1 |       ||     1
 Cast: Shock             |    44 |    13 ||    57
       Static Discharge  |     3 |       ||     3
       Swiftness         |       |     1 ||     1
  Use: Scroll            |       |    13 ||    13
 Stab: Sleeping          |     2 |     6 ||     8
       Distracted        |       |     1 ||     1
Armor: Robe              |     6 |     5 ||    11
Dodge: Dodged            |    11 |    24 ||    35

Table legend: (Time is in decaauts)
 A = Elapsed time spent in this place.
 B = Non-inter-level travel time spent in this place.
 C = Inter-level travel time spent in this place.
 D = Time resting spent in this place.
 E = Time spent auto-exploring this place.
 F = Levels seen in this place.
 G = Mean time per level.
                   A        B        C        D        E       F      G
               +--------+--------+--------+--------+--------+-----+--------+
         Total |   4032 |   3720 |    312 |     46 |   3202 |   6 |  672.0 |
       Dungeon |   4018 |   3706 |    312 |     46 |   3202 |   5 |  803.6 |
        Temple |     13 |     13 |      0 |      0 |      0 |   1 |   13.0 |
               +--------+--------+--------+--------+--------+-----+--------+

Top non-repeatable levels by time:
     D:1: 1192 daAuts
     D:2: 1127 daAuts
     D:3: 1034 daAuts
     D:4: 620 daAuts
     D:5: 43 daAuts
  Temple: 13 daAuts
